 Dungeon Crawl Stone Soup version 0.23-a0-164-g7711e572f3 (webtiles) character file.

4797 Napalmbreeze the Thaumaturge (level 10, -2/50 HPs)
             Began as a Deep Elf Fire Elementalist on Sept 10, 2018.
             Was a Follower of Vehumet.
             Slain by a seven-headed hydra (11 damage)
             ... on level 8 of the Dungeon.
             The game lasted 00:38:35 (9433 turns).

Napalmbreeze the Thaumaturge (DEFE)                 Turns: 9433, Time: 00:38:37

Health: -2/50      AC:  7    Str:  5    XL:     10   Next: 24%
Magic:  26/26      EV: 18    Int: 24    God:    Vehumet [*.....]
Gold:   508        SH:  0    Dex: 21    Spells: 14/29 levels left

rFire    . . .     SeeInvis .   y - +0 quarterstaff "Loehus" {venom, +Blink} (curse)
rCold    . . .     Gourm    .   (shield currently unavailable)
rNeg     . . .     Faith    .   a - +0 robe
rPois    .         Spirit   .   p - +0 helmet
rElec    .         Reflect  .   z - +0 cloak
rCorr    .         Harm     .   x - +0 pair of gloves
MR       ++...                  k - +1 pair of boots
Stlth    ++++......             (no amulet)
HPRegen  0.16/turn              g - ring of stealth
MPRegen  0.20/turn              v - ring "Kyunkuov" {MR+ Dex+6 Stlth+}

@: no status effects
A: no striking features
a: Renounce Religion, Evoke Blink


You were on level 8 of the Dungeon.
You worshipped Vehumet.
Vehumet was aware of your devotion.
You were hungry.

You visited 2 branches of the dungeon, and saw 9 of its levels.

You collected 508 gold pieces.

Inventory:

Hand Weapons
 e - a +0 spear
 y - the cursed +0 quarterstaff "Loehus" (weapon) {venom, +Blink}
   (You found it on level 6 of the Dungeon)

   It poisons the flesh of those it strikes.
   It lets you blink.
   It has a curse placed upon it.
Armour
 a - a +0 robe (worn)
 k - a +1 pair of boots (worn)
 p - a +0 helmet (worn)
 x - a +0 pair of gloves (worn)
 z - a +0 cloak (worn)
Jewellery
 g - a ring of stealth (left hand)
 v - the ring "Kyunkuov" (right hand) {MR+ Dex+6 Stlth+}
   (You found it on level 5 of the Dungeon)

   [ring of protection from magic]

   It affects your dexterity (+6).
   It affects your resistance to hostile enchantments.
   It makes you more stealthy.
 B - a cursed ring of attention {unknown}
 C - a +5 ring of slaying {unknown}
Wands
 s - a wand of paralysis (8)
Scrolls
 b - 4 scrolls of amnesia {unknown}
 f - 5 scrolls of identify {unknown}
 h - 4 scrolls of fear {unknown}
 i - 4 scrolls of enchant armour {unknown}
 n - 2 scrolls of teleportation {unknown}
 o - 4 scrolls of remove curse {unknown}
 r - a scroll of noise {unknown}
 t - a scroll of random uselessness {unknown}
 A - a scroll of brand weapon {unknown}
Potions
 d - 4 potions of curing
 j - 2 potions of ambrosia {unknown}
 l - a potion of haste {unknown}
 m - 3 potions of brilliance {unknown}
 q - 4 potions of berserk rage {unknown}
 u - a potion of heal wounds {unknown}
 w - 2 potions of lignification {unknown}
 D - a potion of degeneration {unknown}
Comestibles
 c - 21 rations


   Skills:
 * Level 6.8 Dodging
 - Level 2.4 Stealth
 + Level 10.3 Spellcasting
 - Level 10.1 Conjurations
 + Level 8.9 Fire Magic


You had 14 spell levels left.
You knew the following spells:

 Your Spells              Type           Power        Failure   Level  Hunger
a - Flame Tongue          Conj/Fire      #####        1%          1    None
d - Conjure Flame         Conj/Fire      ######..     1%          3    None
e - Fireball              Conj/Fire      ######....   2%          5    ####...
f - Sticky Flame          Conj/Fire      ######..     1%          4    #......
s - Throw Flame           Conj/Fire      ######       1%          2    None

Your spell library contained the following spells:

 Spells                   Type           Power        Failure   Level  Hunger
 Shock                    Conj/Air       ####         1%          1    None
 Dazzling Spray           Conj/Hex       #####.       1%          3    None
 Inner Flame              Hex/Fire       ####....     2%          3    None
 Corona                   Hex            ##.....      5%          1    None
 Ensorcelled Hibernation  Hex/Ice        ##....       8%          2    None
 Confuse                  Hex            ##......     16%         3    None
 Tukima's Dance           Hex            ##......     16%         3    None
 Irradiate                Conj/Tmut      #####.....   19%         5    ####...
 Hydra Form               Tmut           ##........   100%        6    ######.
 Statue Form              Tmut/Erth      ##.......    100%        6    ######.
 Dragon Form              Tmut           ##........   100%        7    #######


Dungeon Overview and Level Annotations

Branches:
Dungeon (8/15)             Temple (1/1) D:7
   Lair: D:8-11

Altars:
Ashenzari
Cheibriados
Fedhas
Nemelex Xobeh
Qazlal
Ru
Sif Muna
Uskayaw
Vehumet
Xom


Message History

You now have 508 gold pieces (gained 18).
c - 21 rations (gained 1)
Okay, then.
The seven-headed hydra roars!
There is an escape hatch in the floor here.
There is an escape hatch in the floor here.
The seven-headed hydra bites you but does no damage.
The seven-headed hydra bites you. The seven-headed hydra misses you.
The seven-headed hydra closely misses you.
The seven-headed hydra bites you but does no damage.
The seven-headed hydra barely misses you.
The seven-headed hydra bites you!
There is a stone staircase leading up here.
The seven-headed hydra bites you!
The seven-headed hydra completely misses you.
The seven-headed hydra bites you!
* * * LOW HITPOINT WARNING * * *
The seven-headed hydra completely misses you.
The seven-headed hydra bites you!
You die...

####### #.....# #####
####.###.# #...# ###
#....D@#.# #.#.#
#.####......#.###.#.# #
#.................#.##### #
#..(##.....###.#........# #
#..........###.#......#.####
#...#..........##.....#.....
#...........###.....#.#.....
###.........#.......#.#.....
#.........#.#.#...#.#.....


You could see a seven-headed hydra.

Vanquished Creatures
  A skeletal warrior (D:8)
  Grinder (D:3)
  A slime creature (D:6)
  2 hippogriffs
  Eustachio (D:4)
  Menkaure (D:6)
  Edmund (D:4)
  Duvessa (D:4)
  An orc warrior (D:7)
  2 ice beasts
  3 sky beasts
  A black bear (D:8)
  2 ogres (D:8)
  2 phantoms
  3 centaurs
  A big kobold (D:8)
  A bullfrog (D:7)
  Dowan (D:4)
  4 killer bees (D:8)
  5 wights (D:6)
  2 howler monkeys
  A centaur zombie (D:7)
  A crimson imp (D:8)
  A quasit (D:5)
  4 hounds
  4 jellies (D:6)
  A gnoll shaman (D:5)
  3 orc priests
  Crazy Yiuf (D:6)
  A centaur skeleton (D:6)
  A bullfrog skeleton (D:6)
  A bullfrog zombie (D:6)
  An iguana (D:8)
  4 orc wizards
  5 worker ants
  Robin (D:3)
  3 gnolls (D:5)
  14 adders
  2 shadow imps
  6 oozes
  2 adder zombies
  3 worms
  2 dart slugs (D:1)
  3 leopard geckos
  16 orcs
  A ball python (D:1)
  12 bats
  2 giant cockroaches (D:2)
  15 goblins
  9 hobgoblins
  12 jackals
  23 kobolds
  6 quokkas
  5 frilled lizards
  A jackal skeleton (D:8)
  A quokka skeleton (D:4)
  A quokka zombie (D:5)
  13 rats
219 creatures vanquished.

Vanquished Creatures (others)
  2 fungi (D:6)
  9 toadstools (D:6)
11 creatures vanquished.

Grand Total: 230 creatures vanquished

Notes
Turn   | Place    | Note
-------+----------+-------------------------------------------
     0 | D:1      | Napalmbreeze the Deep Elf Fire Elementalist began the quest
                  | for the Orb.
     0 | D:1      | Reached XP level 1. HP: 10/10 MP: 6/6
   141 | D:1      | Reached XP level 2. HP: 6/15 MP: 2/8
   854 | D:1      | Reached XP level 3. HP: 19/19 MP: 7/10
   858 | D:1      | Learned a level 2 spell: Throw Flame
   862 | D:1      | Learned a level 3 spell: Conjure Flame
  1706 | D:2      | Reached XP level 4. HP: 24/24 MP: 7/11
  1718 | D:2      | Learned a level 4 spell: Sticky Flame
  2233 | D:2      | Found a stormy altar of Qazlal.
  2454 | D:3      | Noticed Robin
  2463 | D:3      | Reached XP level 5. HP: 26/28 MP: 5/13
  2473 | D:3      | Killed Robin
  3192 | D:3      | Noticed Grinder
  3231 | D:3      | Killed Grinder
  3231 | D:3      | Reached skill level 5 in Spellcasting
  3231 | D:3      | Reached skill level 5 in Conjurations
  3231 | D:3      | Reached skill level 5 in Fire Magic
  3231 | D:3      | Reached XP level 6. HP: 23/32 MP: 3/16
  3322 | D:3      | Learned a level 5 spell: Fireball
  3834 | D:4      | Noticed Edmund
  3950 | D:4      | Noticed Eustachio
  3967 | D:4      | Killed Eustachio
  3967 | D:4      | Reached XP level 7. HP: 36/36 MP: 5/17
  4049 | D:4      | Noticed Duvessa
  4051 | D:4      | Noticed Dowan
  4069 | D:4      | Killed Duvessa
  4106 | D:4      | Killed Dowan
  4964 | D:4      | Killed Edmund
  4964 | D:4      | Reached XP level 8. HP: 41/41 MP: 1/20
  5114 | D:5      | Entered Level 5 of the Dungeon
  5316 | D:5      | Found a sacrificial altar of Ru.
  5750 | D:5      | Got a slimy brass ring
  5752 | D:5      | Identified the ring "Kyunkuov" {MR+ Dex+6 Stlth+} (You
                  | found it on level 5 of the Dungeon)
  6103 | D:6      | Noticed Menkaure
  6149 | D:6      | Killed Menkaure
  6157 | D:6      | Got an ichor-stained quarterstaff
  6260 | D:6      | Identified the cursed +0 quarterstaff "Loehus" {venom,
                  | +Blink} (You found it on level 6 of the Dungeon)
  6287 | D:6      | Found a shattered altar of Ashenzari.
  6558 | D:6      | Reached XP level 9. HP: 45/45 MP: 6/23
  6789 | D:6      | Found a runed door.
  6793 | D:6      | Noticed Crazy Yiuf
  6797 | D:6      | Killed Crazy Yiuf
  7307 | D:7      | Reached skill level 10 in Conjurations
  7513 | D:7      | Found a staircase to the Ecumenical Temple.
  7570 | Temple   | Entered the Ecumenical Temple
  7577 | Temple   | Became a worshipper of Vehumet
  8303 | D:7      | Found a snail-covered altar of Cheibriados.
  8303 | D:7      | Found a shimmering altar of Xom.
  8570 | D:8      | Reached skill level 5 in Dodging
  8657 | D:8      | Found a deep blue altar of Sif Muna.
  8852 | D:8      | Reached * piety under Vehumet
  8852 | D:8      | Offered knowledge of Shock by Vehumet.
  8917 | D:8      | Reached XP level 10. HP: 37/50 MP: 20/25
  8983 | D:8      | Reached skill level 10 in Spellcasting
  9011 | D:8      | Noticed a skeletal warrior
  9021 | D:8      | Killed a skeletal warrior
  9186 | D:8      | Noticed a seven-headed hydra
  9433 | D:8      | Slain by a seven-headed hydra

Vault maps used:
D:1:      ncdulo_halloftheorcs
D:2:      lemuel_coloured_pillars_altar, first_ration
D:3:      uniq_robin, uniq_grinder
D:4:      uniq_eustachio, uniq_edmund, uniq_duvessa
D:5:      nicolae_ru_sacrificial_ziggurat
D:6:      cheibrodos_fertilizer, kennysheep_mini, uniq_crazy_yiuf_cottage,
          uniq_menkaure
D:7:      gammafunk_temple_overflow_wave, minmay_temple_entry_statues
D:8:      lemuel_blue_sif_altar, serial_shops, shop, nzn_random_ring
Temple:   eino_wide_crystal_templ

Skill      XL: |  1  2  3  4  5  6  7  8  9 10 |
---------------+-------------------------------+-----
Conjurations   | 2 3 5 6 7 9 10 | 10.1
Spellcasting   | 4 5 6 8 9 10 | 10.3
Fire Magic     | 4 5 6 7 8 |  8.9
Dodging        | 5 6 |  6.8
Stealth        | |  2.4

Action                   |  1- 3 |  4- 6 |  7- 9 | 10-12 || total
-------------------------+-------+-------+-------+-------++-------
Melee: Spear             |       |     9 |     2 |       ||    11
       Quarterstaff      |       |       |     8 |       ||     8
 Cast: Flame Tongue      |    65 |    81 |   216 |    12 ||   374
       Throw Flame       |    12 |    18 |    47 |    16 ||    93
       Sticky Flame      |       |     4 |    17 |     1 ||    22
       Conjure Flame     |       |     1 |     9 |     1 ||    11
       Fireball          |       |       |    10 |       ||    10
Evoke: Wand              |       |       |     2 |       ||     2
 Stab: Paralysed         |       |       |     5 |       ||     5
  Eat: Chunk             |     3 |     7 |    11 |     1 ||    22
       Ration            |       |       |     2 |       ||     2
Armor: Robe              |     1 |    12 |    23 |     2 ||    38
Dodge: Dodged            |    23 |    29 |    64 |     8 ||   124

Table legend:
 A = Non-vault XP
 B = Vault XP
 C = Vault XP percentage of total XP
 D = Non-vault monster count
 E = Vault monster count
 F = Vault count percentage of total count
                 A         B        C        D         E       F
            +---------+---------+-------+---------+---------+-------
      Total |    4053 |    2800 |  40.9 |     179 |      40 |  18.3
            +---------+---------+-------+---------+---------+-------
        D:1 |      75 |       0 |   0.0 |      38 |       0 |   0.0
        D:2 |     108 |       0 |   0.0 |      31 |       0 |   0.0
        D:3 |     150 |     337 |  69.2 |      22 |      11 |  33.3
        D:4 |     278 |     573 |  67.3 |       9 |       4 |  30.8
        D:5 |     290 |       0 |   0.0 |      16 |       0 |   0.0
        D:6 |    1265 |     648 |  33.9 |      26 |      17 |  39.5
        D:7 |     924 |       0 |   0.0 |      17 |       0 |   0.0
        D:8 |     963 |    1242 |  56.3 |      20 |       8 |  28.6
            +---------+---------+-------+---------+---------+-------
